 Dungeon Crawl Stone Soup version 0.28.0 (webtiles) character file.

Game seed: 10358566757399557081

10 HallandMoats the Skirmisher (level 2, 24/24 HPs)
             Began as a Demonspawn Fighter on Feb 6, 2022.
             Got out of the dungeon alive.
             The game lasted 00:00:26 (542 turns).

HallandMoats the Skirmisher (Demonspawn Fighter)     Turns: 542, Time: 00:00:26

Health: 24/24      AC:  6    Str: 16    XL:     2   Next: 10%
Magic:  2/2        EV:  8    Int:  9    God:
Gold:   57         SH:  4    Dex: 12    Spells: 1/1 levels left

rFire   . . .      SeeInvis .   a - +0 war axe
rCold   . . .      Faith    .   c - +0 buckler
rNeg    . . .      Spirit   .   b - +0 scale mail
rPois   .          Reflect  .   (no helmet)
rElec   .          Harm     .   (no cloak)
rCorr   .          Rampage  .   (no gloves)
Will    .....                   (no boots)
Stlth   ..........              (no amulet)
HPRegen 0.08/turn               (no ring)
MPRegen 0.08/turn               (no ring)

@: no status effects
A: demonic magic 1
a: no special abilities


You escaped.
You visited 1 branch of the dungeon, and saw 1 of its levels.

You collected 57 gold pieces.

Inventory:

Hand Weapons
 a - a +0 war axe (weapon)
Armour
 b - a +0 scale mail (worn)
 c - a +0 buckler (worn)
Potions
 d - a potion of might
 e - 2 potions of degeneration {unknown}
 f - 2 potions of curing {unknown}


   Skills:
 * Level 3.1 Fighting
 * Level 2.0 Axes
 + Level 2.7 Armour
 + Level 0.2 Dodging
 + Level 2.7 Shields
 * Level 0.8 Invocations


You had one spell level left.
You didn't know any spells.
Your spell library contained the following spells:

 Spells                   Type           Power      Damage    Failure   Level
 Ensorcelled Hibernation  Hex/Ice        0%         N/A       96%         2
 Passwall                 Tmut/Erth      0%         N/A       96%         2
 Swiftness                Air            0%         N/A       99%         3


Dungeon Overview and Level Annotations

Branches:
Dungeon (1/15)

Altars:


Innate Abilities, Weirdness & Mutations

Spells you cast may paralyse adjacent enemies.


Message History

Found a hand axe.
You open the door.
There is an open door here.
There is an open door here.
You open the door.
There is an open door here.
A goblin comes into view. It is wielding a +0 club.
Found 9 gold pieces.
The goblin shouts!
A goblin is nearby!
A goblin is nearby!
You block the goblin's attack.
You closely miss the goblin. The goblin hits you but does no damage.
You miss the goblin. The goblin hits you but does no damage.
The goblin barely misses you.
You slash the goblin!
You kill the goblin!
No target in view!
No target in view!
No target in view!
No target in view!
No target in view!
No target in view!
No target in view!
No target in view!
No target in view!
No target in view!
No target in view!
No target in view!
No target in view!
No target in view!
No target in view!
No target in view!
(D) Dungeon
Where to? (? - help)
What level of the Dungeon? (default 1, ? - help)
There is an open door here.
There is a staircase leading out of the dungeon here.
Are you sure you want to leave the Dungeon?
This will make you lose the game!
You have escaped!

.. ##....## #......#..# #.#
#.##...#..###...##.#..#####.#
#####.#...###.##....##....#......
.........## #.......###...#.....#
........## ##.#..### ##..#.....#
......#..# #....# #.........
......#..## ##...# ####.#......
......##..#####...####.##.#####..
.......##.).##..@.#.#...#.#######
.......####..#..............)....
.......# ##...###.##############
.......# ##..# ###
.......######..# .......#......##
.......#......###
.#.....+......'.#
.#.....#......#.#


There were no monsters in sight!

Vanquished Creatures
  A ball python (D:1)
  A bat (D:1)
  2 goblins (D:1)
  2 hobgoblins (D:1)
  2 kobolds (D:1)
8 creatures vanquished.

Notes
Turn   | Place    | Note
-------+----------+-------------------------------------------
     0 | D:1      | HallandMoats the Demonspawn Fighter began the quest for the
                  | Orb.
     0 | D:1      | Reached XP level 1. HP: 18/18 MP: 1/1
   378 | D:1      | Gained mutation: Spells you cast may paralyse adjacent
                  | enemies. [demonic ancestry]
   378 | D:1      | Reached XP level 2. HP: 24/24 MP: 2/2
   542 | D:$      | Got out of the dungeon alive.

Illustrated notes

Levels and vault maps discovered:
D:1:      dpeg_arrival_arbitrary_b, layout_basic, ebering_ecumenical_altar_webs,
          fountainhead

Skill      XL: |  1 |
---------------+----+-----
Axes           | 2 |  2.0
Fighting       | |  3.1
Armour         | |  2.7
Dodging        | |  0.2
Shields        | |  2.7
Invocations    | |  0.8

Action                   || total
-------------------------++-------
Melee: War axe           ||    24
Armor: Scale mail        ||    11
Dodge: Dodged            ||     5
Block: Buckler           ||     4
